 Dungeon Crawl Stone Soup version 0.29-a0-422-gafbd6decc1 (webtiles) character file.

Game seed: 12811590352198228417

46 happo123 the Gusty (level 3, -8/19 HPs)
             Began as a Tengu Air Elementalist on May 18, 2022.
             Killed from afar by Jessica (11 damage)
             ... with a puff of flame
             ... on level 2 of the Dungeon.
             The game lasted 00:07:59 (1960 turns).

happo123 the Gusty (Tengu Air Elementalist)         Turns: 1960, Time: 00:08:00

Health: -8/19      AC:  2    Str:  8    XL:     3   Next: 66%
Magic:  3/8        EV: 12    Int: 17    God:
Gold:   41         SH:  0    Dex: 14    Spells: 1/7 levels left

rFire   . . .      SeeInvis .   (no weapon)
rCold   . . .      Faith    .   (no shield)
rNeg    . . .      Spirit   .   a - +0 robe
rPois   .          Reflect  .   (helmet restricted)
rElec   .          Harm     .   (no cloak)
rCorr   .          Rampage  .   (no gloves)
Will    .....                   (boots unavailable)
Stlth   ++........              (no amulet)
HPRegen 0.06/turn               (no ring)
MPRegen 0.11/turn               (no ring)

@: no status effects
A: beak, talons 3
a: no special abilities


You were on level 2 of the Dungeon.
You visited 1 branch of the dungeon, and saw 2 of its levels.

You collected 41 gold pieces.

Inventory:

Hand Weapons
 j - a +0 war axe of electrocution
Armour
 a - a +0 robe (worn)
Scrolls
 d - 5 scrolls of identify {unknown}
 e - 2 scrolls of poison {unknown}
 g - a scroll of noise {unknown}
 h - a scroll of fear {unknown}
Potions
 b - a potion of magic
 c - 2 potions of might {unknown}
 f - a potion of brilliance {unknown}
 i - a potion of mutation {unknown}


   Skills:
 + Level 2.4 Dodging
 + Level 2.1 Stealth
 + Level 0.3 Unarmed Combat
 + Level 2.7 Spellcasting
 + Level 1.6 Conjurations
 + Level 5.0 Air Magic


You had one spell level left.
You knew the following spells:

 Your Spells              Type           Power      Damage    Failure   Level
a - Shock                 Conj/Air       52%        1d6       4%          1
b - Static Discharge      Conj/Air       13%        N/A       7%          2
c - Swiftness             Air            19%        N/A       7%          3

Your spell library contained the following spells:

 Spells                   Type           Power      Damage    Failure   Level
 Summon Small Mammal      Summ           8%         N/A       19%         1
 Corpse Rot               Necr/Air       20%        N/A       10%         2
 Poisonous Vapours        Pois/Air       20%        N/A       10%         2
 Mephitic Cloud           Conj/Pois/Air  9%         N/A       22%         3
 Airstrike                Air            9%         N/A       22%         4
 Call Canine Familiar     Summ           2%         N/A       47%         3
 Ignite Poison            Fire/Tmut/Pois 2%         N/A       47%         3
 Summon Guardian Golem    Hex/Summ       2%         N/A       47%         3
 Freezing Cloud           Conj/Ice/Air   4%         6-21      90%         5


Dungeon Overview and Level Annotations

Branches:
Dungeon (2/15)

Altars:
Ashenzari

Annotations:
D:2 Jessica


Innate Abilities, Weirdness & Mutations

You have a beak for a mouth.
You have claws for feet.


Message History

You see here 5 large rocks.
A hobgoblin comes into view.
Aiming: Shock (safe; 4% risk of failure)
Press: ? - help, Q - select action, (/) - cycle Shift-Dir - straight line, f - hobgoblin
Aim: a hobgoblin (asleep, 100% to hit)
The zap hits the hobgoblin.
You kill the hobgoblin!
You now have 41 gold pieces (gained 11).
You see here 5 large rocks.
Jessica the Apprentice Sorceress comes into view.
She is wielding a +0 spectral club and carrying a wand of flame (4).
Jessica shouts!
Jessica zaps a wand.
The puff of flame hits you.
Aiming: Shock (safe; 4% risk of failure)
Press: ? - help, Q - select action, (/) - cycle Shift-Dir - straight line, f - Jessica
Aim: Jessica, wielding a +0 spectral club, wearing a +0 robe and carrying a wand of flame (3) (68% to hit)
The zap misses Jessica.
Aiming: Shock (safe; 4% risk of failure)
Press: ? - help, Q - select action, (/) - cycle Shift-Dir - straight line, f/p - Jessica
Aim: Jessica, wielding a +0 spectral club, wearing a +0 robe and carrying a wand of flame (3) (68% to hit)
The zap misses Jessica.
Aiming: Shock (safe; 4% risk of failure)
Press: ? - help, Q - select action, (/) - cycle Shift-Dir - straight line, f/p - Jessica
Aim: Jessica, wielding a +0 spectral club, wearing a +0 robe and carrying a wand of flame (3) (68% to hit)
The zap misses Jessica.
Jessica points at you and mumbles some strange words.
Pain shoots through your body!
Jessica hits you with a +0 spectral club.
* * * LOW HITPOINT WARNING * * *
Casting: Shock (safe; 4% risk of failure)
Confirm with . or Enter, or press ? or * to list all spells.
Okay, then.
Casting: Shock (safe; 4% risk of failure)
Confirm with . or Enter, or press ? or * to list all spells.
Jessica is struck by an arc of lightning!
Jessica is severely wounded.
You are struck by an arc of lightning.
* * * LOW HITPOINT WARNING * * *
The lightning grounds out.
Jessica zaps a wand.
The puff of flame hits you!
Ouch! That really hurt!
You die...

#.....# #.....# #.....#
.........## ##.....#
........... ......#
.........# #.....#
.........######.....#
.........#......@@#
.........#......###
.........#......# ###########
...............## #.........#
.###..†###.....# #.........#
.###.#.).#.....# #.........#
...#.....#..(..####.........#
..............<.............#
.................(#....>....#


You could see Jessica.

Vanquished Creatures
  An adder (D:2)
  A dart slug (D:1)
  7 bats
  2 endoplasms
  6 hobgoblins
  4 jackals (D:1)
  2 quokkas
  3 ball pythons (D:2)
  A frilled lizard (D:1)
  A goblin (D:1)
  2 kobolds (D:1)
  2 rats (D:1)
32 creatures vanquished.

Notes
Turn   | Place    | Note
-------+----------+-------------------------------------------
     0 | D:1      | happo123 the Tengu Air Elementalist began the quest for the
                  | Orb.
     0 | D:1      | Reached XP level 1. HP: 10/10 MP: 4/4
   289 | D:1      | Reached XP level 2. HP: 15/15 MP: 3/6
   705 | D:1      | Found a faded altar of an unknown god.
  1041 | D:1      | Reached XP level 3. HP: 14/19 MP: 0/7
  1044 | D:1      | Learned a level 2 spell: Static Discharge
  1048 | D:1      | Learned a level 3 spell: Swiftness
  1727 | D:2      | Reached skill level 5 in Air Magic
  1823 | D:2      | Found a broken altar of Ashenzari.
  1953 | D:2      | Noticed Jessica
  1960 | D:2      | Killed from afar by Jessica

Illustrated notes

Levels and vault maps discovered:
D:1:      sevenhm_arrival_forest_fort_small_3, layout_basic,
          ebering_ecumenical_altar_webs
D:2:      layout_rooms, basic_altar, minmay_3d_cube, uniq_jessica

Skill      XL: |  1  2  3 |
---------------+----------+-----
Air Magic      | 5 |  5.0
Dodging        | |  2.4
Stealth        | |  2.1
Unarmed Combat | |  0.3
Spellcasting   | |  2.7
Conjurations   | |  1.6

Action                   || total
-------------------------++-------
Melee: Unarmed           ||    17
       Kick              ||     5
       Peck              ||     2
 Cast: Shock             ||    62
       Static Discharge  ||     2
Armor: Robe              ||     4
Dodge: Dodged            ||    24

Table legend: (Time is in decaauts)
 A = Elapsed time spent in this place.
 B = Non-inter-level travel time spent in this place.
 C = Inter-level travel time spent in this place.
 D = Time resting spent in this place.
 E = Time spent auto-exploring this place.
 F = Levels seen in this place.
 G = Mean time per level.
                   A        B        C        D        E       F      G
               +--------+--------+--------+--------+--------+-----+--------+
         Total |   1959 |   1789 |    170 |    107 |   1484 |   2 |  979.5 |
       Dungeon |   1959 |   1789 |    170 |    107 |   1484 |   2 |  979.5 |
               +--------+--------+--------+--------+--------+-----+--------+

Top non-repeatable levels by time:
     D:1: 1545 daAuts
     D:2: 414 daAuts
